 Dungeon Sprint DCSS version 0.18-a0-1164-g7046a04 (webtiles) character file.

133 Kidiri the Conjurer (level 4, -9/28 HPs)
             Began as a Deep Elf Conjurer on Jan 25, 2016.
             Was a Follower of Sif Muna.
             Mangled by a fire elemental (14 damage)
             ... summoned by a deep elf mage
             ... in the Dungeon (Sprint V: "Ziggurat Sprint").
             The game lasted 00:03:31 (687 turns).

Kidiri the Conjurer (Deep Elf Conjurer)              Turns: 687, Time: 00:03:31

Health: -9/28      AC:  2    Str: 11    XL:     4   Next: 93%
Magic:  16/20      EV: 14    Int: 33    God:    Sif Muna [*.....]
Gold:   0          SH:  0    Dex: 15    Spells: 2 memorised, 12 levels left

rFire  . . .     SeeInvis .     I - +6 Majin-Bo {vamp, Archmagi MP+6 Int+6}
rCold  . . .     Gourm    .     a - +0 robe
rNeg   . . .     Faith    .     (shield currently unavailable)
rPois  .         Spirit   .     (no helmet)
rElec  .         Dismiss  .     (no cloak)
rCorr  .         Reflect  .     (no gloves)
SustAt .         Harm     .     (no boots)
MR     .....     NoTele   +     (no amulet)
Stlth  +++.......               G - +6 ring of strength
                                E - +6 ring of intelligence

@: not resistant to hostile enchantments, fairly stealthy
A: no striking features
a: Channel Energy, Renounce Religion


You were in the Dungeon.
You worshipped Sif Muna.
Sif Muna was aware of your devotion.
You were not hungry.

You visited 1 branch

Inventory:

Hand Weapons
 I - the +6 Majin-Bo (weapon) {vamp, Archmagi MP+6 Int+6}
   (You found it in the Dungeon)

   It inflicts no extra harm, but heals its wielder somewhat when it strikes a
   living foe.
   It affects your intelligence (+6).
   It affects your magic capacity (+6).
Armour
 a - a +0 robe (worn)
 J - a +5 gold dragon armour
Jewellery
 C - a +6 ring of dexterity
 D - a +6 ring of dexterity
 E - a +6 ring of intelligence (left hand)
 F - a +6 ring of intelligence
 G - a +6 ring of strength (right hand)
 H - a +6 ring of strength
Wands
 y - a wand of disintegration (7/24)
 z - a wand of fire (5/15)
 A - a wand of cold (5/15)
 B - a wand of draining (5/15)
Scrolls
 i - 4 scrolls of blinking
 r - 4 scrolls of amnesia
 s - 3 scrolls of recharging
 t - 7 scrolls of fog
 u - a scroll of holy word
 v - 5 scrolls of identify
 w - 5 scrolls of remove curse
 x - 2 scrolls of fear
Potions
 d - 10 potions of curing
 e - 9 potions of heal wounds
 f - 6 potions of haste
 g - 6 potions of magic
 h - 3 potions of berserk rage
 j - 2 potions of brilliance
 k - 2 potions of invisibility
 l - 4 potions of resistance
 n - 5 potions of agility
 o - 5 potions of might
Books
 b - a book of Conjurations

   Spells                             Type                      Level
   a - Magic Dart                     Conjuration                  1
   b - Searing Ray                    Conjuration                  2
   c - Dazzling Spray                 Conjuration/Hexes            3
   d - Fulminant Prism                Conjuration/Hexes            4
   e - Iskenderun's Mystic Blast      Conjuration                  4
   f - Iskenderun's Battlesphere      Conjuration/Charms           5
Comestibles
 c - 4 bread rations
 p - 42 fruits
 q - 4 meat rations


   Skills:
 * Level 3.6 Fighting
 + Level 2.9 Staves
 * Level 3.5 Armour
 + Level 4.5 Dodging
 + Level 4.7 Stealth
 * Level 6.4 Spellcasting
 * Level 6.5 Conjurations
 + Level 3.2 Invocations


You had 12 spell levels left.
You knew the following spells:

 Your Spells              Type           Power        Failure   Level  Hunger
a - Magic Dart            Conj           ####         1%          1    None
b - Searing Ray           Conj           ######       1%          2    None


Dungeon Overview and Level Annotations

Branches:
Dungeon (1/1)

Altars:
Ashenzari
Cheibriados
Dithmenos
Elyvilon
Fedhas
Gozag
Kikubaaqudgha
Makhleb
Nemelex Xobeh
Okawaru
Pakellas
Qazlal
Ru
Sif Muna
Trog
Vehumet
Xom
Yredelemnul
Zin
The Shining One
Beogh
Jiyva
Lugonu


Message History

The deep elf mage casts a spell.
The searing ray hits the deep elf mage.
The deep elf mage is lightly wounded.
The deep elf mage gestures wildly while chanting.
The deep elf mage blinks!
The deep elf mage points at you and mumbles some strange words.
The bolt of fire misses you.
The searing ray hits the deep elf mage.
The deep elf mage is moderately wounded.
The deep elf mage drinks a potion.
The deep elf mage suddenly seems more agile.
Unknown command.
The fire elemental hits you. The fire elemental burns you!
The fire elemental hits you. The fire elemental burns you!
* * * LOW HITPOINT WARNING * * *
The deep elf mage barely misses you. The fire elemental hits you.
* * * LOW HITPOINT WARNING * * *
The fire elemental burns you!
Ouch! That really hurt!
You die...

▓▓▓▓▓▓▓▓▓▓▓▓▓
▓.8©8.▓.8©8.▓
▓..:..▓.....▓
▓..e.§▓.).}.▓
▓.e.§§▓..)..▓
▓.eE§.▓.....▓
▓.@E..▓.....▓
▓.....▓▓▓▓▓▓▓
▓▓▓▓▓▓▓


You could see 3 deep elf magi and 2 fire elementals.

Vanquished Creatures
  A necrophage (D)
  A wight (D)
2 creatures vanquished.

Notes
Turn   | Place    | Note
--------------------------------------------------------------
     0 | D        | Kidiri the Deep Elf Conjurer began the quest for the Orb.
     0 | D        | Reached XP level 1. HP: 10/10 MP: 6/6
     0 | D        | Found a viscous altar of Jiyva.
     0 | D        | Found a roughly hewn altar of Beogh.
     0 | D        | Found a corrupted altar of Lugonu.
     0 | D        | Found a white marble altar of Elyvilon.
     0 | D        | Found a sparkling altar of Nemelex Xobeh.
     1 | D        | Found a burning altar of Makhleb.
     1 | D        | Found an iron altar of Okawaru.
     1 | D        | Found a deep blue altar of Sif Muna.
     1 | D        | Found a radiant altar of Vehumet.
     1 | D        | Found a bloodstained altar of Trog.
     1 | D        | Found a shimmering altar of Xom.
    57 | D        | Became a worshipper of Sif Muna the Loreminder
    58 | D        | Reached skill level 1 in Staves
    58 | D        | Reached skill level 5 in Conjurations
    58 | D        | Reached XP level 2. HP: 14/17 MP: 6/9
    62 | D        | Learned a level 2 spell: Searing Ray
   113 | D        | Entered arena 1.
   113 | D        | Noticed a necrophage
   113 | D        | Noticed a wight
   118 | D        | Killed a necrophage
   118 | D        | Reached * piety under Sif Muna
   118 | D        | Reached skill level 5 in Spellcasting
   118 | D        | Reached skill level 6 in Conjurations
   118 | D        | Reached XP level 3. HP: 13/22 MP: 6/12
   118 | D        | Reached XP level 4. HP: 15/27 MP: 6/13
   121 | D        | HP: 1/27 [wight/enchanted long sword (4)]
   683 | D        | Entered arena 2.
   683 | D        | Noticed a deep elf mage
   683 | D        | Noticed a deep elf mage
   683 | D        | Noticed a deep elf mage
   685 | D        | Noticed a fire elemental
   685 | D        | Noticed a fire elemental
   687 | D        | Mangled by a fire elemental

Vault maps used:
D:        sprint_v

Action                   |  1- 3 |  4- 6 || total
-------------------------+-------+-------++-------
 Cast: Searing Ray       |     1 |     4 ||     5
  Use: Potion            |     1 |     2 ||     3
  Eat: Bread ration      |       |     1 ||     1
